 Dungeon Crawl Stone Soup version 0.30-a0-414-gcb316572d5 (webtiles) character file.

Game seed: 1411934460440505108

831 IdlyInterested the Grave Robber (level 7, -10/55 HPs)
             Began as a Demonspawn Wanderer on Dec 7, 2022.
             Killed from afar by a steam dragon (12 damage)
             ... with a ball of steam
             ... on level 5 of the Dungeon.
             The game lasted 00:24:02 (4030 turns).

IdlyInterested the Grave Robber (DsWn)              Turns: 4030, Time: 00:24:03

Health: -10/55     AC:  5    Str: 22    XL:     7   Next: 65%
Magic:  9/10       EV: 12    Int: 17    God:
Gold:   271        SH:  0    Dex: 13    Spells: 5/10 levels left

rFire   . . .      SeeInvis .    u - +0 short sword (spect)
rCold   + . .      Faith    .    (no shield)
rNeg    . . .      Spirit   .    y - +1 robe {Will+}
rPois   .          Reflect  .    (no helmet)
rElec   .          Harm     .    (no cloak)
rCorr   .          Rampage  .    d - +1 pair of gloves
Will    +....                    (no boots)
Stlth   ++........               l - amulet of magic regeneration
HPRegen 0.29/turn                r - +6 ring of strength
MPRegen 0.52/turn                v - ring "Haxik" {*Slow Fly rC+ Str+6}

@: flying
A: hooves 2, icemail 2, condensation shield
a: no special abilities


You were on level 5 of the Dungeon.
You visited 1 branch of the dungeon, and saw 5 of its levels.

You collected 271 gold pieces.

Inventory:

Hand Weapons
 a - a +0 dagger
 i - a +2 falchion of protection
 p - a +0 flail
 u - a +0 spectral short sword (weapon)
 z - a +0 hand axe
 D - a +2 vorpal hand axe
 F - a +2 dagger of venom
Missiles
 e - 73 stones
 g - 8 boomerangs
 s - 14 poisoned darts
Armour
 d - a +1 pair of gloves (worn)
 f - a +0 leather armour
 o - a +0 ring mail
 y - a +1 robe of willpower (worn)
Jewellery
 l - an amulet of magic regeneration (around neck)
 r - a +6 ring of strength (left hand)
 v - the ring "Haxik" (right hand) {*Slow Fly rC+ Str+6}
   (You found it on level 3 of the Dungeon)

   [ring of strength]

   Str:       It affects your strength (+6).
   rC:        It protects you from cold.
   Fly:       It grants you flight.
   *Slow:     It may slow you when you take damage.
Wands
 B - a wand of paralysis (9)
 E - a wand of digging (4)
Scrolls
 j - 3 scrolls of teleportation
 q - a scroll of poison {unknown}
 A - a scroll of immolation
 C - a scroll of fear {unknown}
Potions
 b - 3 potions of lignification
 c - a potion of ambrosia
 h - a potion of flight
 k - a potion of attraction {unknown}
 m - 2 potions of curing
 n - a potion of heal wounds {unknown}
 t - a potion of mutation {unknown}
 w - a potion of berserk rage {unknown}
 x - a potion of degeneration {unknown}


   Skills:
 * Level 4.9 Fighting
 - Level 2.0 Throwing
 - Level 1.0 Armour
 * Level 1.7 Dodging
 - Level 2.0 Stealth
 - Level 2.0 Spellcasting
 - Level 7.0 Necromancy
 - Level 2.0 Translocations
 - Level 2.0 Evocations


You had 5 spell levels left.
You knew the following spells:

 Your Spells              Type           Power      Damage    Failure   Level
a - Necrotise             Necr           100%       1d9       1%          1
b - Dispel Undead         Necr           25%        3d12      11%         4

Your spell library contained the following spells:

 Spells                   Type           Power      Damage    Failure   Level
 Sublimation of Blood     Necr           25%        N/A       1%          2
 Apportation              Tloc           16%        N/A       9%          1
 Lesser Beckoning         Tloc           16%        N/A       26%         3


Dungeon Overview and Level Annotations

Branches:
Dungeon (5/15)
 Temple: D:4-7

Altars:
Ashenzari
Uskayaw

Shops:
D:1 ==


Innate Abilities, Weirdness & Mutations

You have hoof-like feet.
A meltable icy envelope protects you from harm. (AC +0)
A meltable shield of frost defends you. (SH +0)


Message History

The steam dragon bites you but does no damage.
The steam dragon claws you but does no damage.
You hit the steam dragon. Your punch misses the steam dragon.
The steam dragon is moderately wounded.
Your +0 spectral short sword hits the steam dragon.
The steam dragon barely misses you. The steam dragon misses you.
You hit the steam dragon but do no damage.
You kick the steam dragon.
The steam dragon is heavily wounded.
Your +0 spectral short sword hits the steam dragon.
The steam dragon misses you. The steam dragon closely misses you.
You hit the steam dragon but do no damage.
Your kick misses the steam dragon.
The steam dragon is severely wounded.
Your +0 spectral short sword hits the steam dragon.
The steam dragon completely misses you. The steam dragon closely misses you.
You hit the steam dragon but do no damage.
You kick the steam dragon.
The steam dragon is almost dead.
Your +0 spectral short sword barely misses the steam dragon.
The steam dragon misses you. The steam dragon closely misses you.
Aiming: Necrotise (safe; 1% risk of failure)
Press: ? - help, Q - select action, (/) - cycle Shift-Dir - straight line, f - steam dragon
Aim: a steam dragon (almost dead, chance to affect: 83%)
The steam dragon writhes in agony.
The steam dragon breathes steam at you. The ball of steam hits you!
* * * LOW HITPOINT WARNING * * *
Aiming: Necrotise (safe; 1% risk of failure)
Press: ? - help, Q - select action, (/) - cycle Shift-Dir - straight line, f/p - steam dragon
Aim: a steam dragon (almost dead, catching its breath, chance to affect: 83%)
The steam dragon barely resists.
You are engulfed in a cloud of scalding steam.
* * * LOW HITPOINT WARNING * * *
The steam dragon closely misses you.
The steam dragon claws you but does no damage.
Okay, then.
The steam dragon breathes steam at you. The ball of steam hits you!
You die...

†......#...#.......#******+#####,
########...#.......#*,,,,,,,,,,,,
...................#*,,,,,,,*****
######.###..########*,,,,,,,*
#****#.# #.## *,,,,,,,*
#*,,,..###'######## *,,,,,,,*
#*,*####......§!§.# *,,,,,,,*
#*,****#...§§.§§D.# *********
+,,*,,<#..§§....@.#***
#*,*,,,+.............#
#*,*,,,#.............#
.,>,,...########.....# ,,,.....*
#.....# ,,......* #.....#
,,......* #.....# ,*######*
#.....# ,* *,,,,,*


You could see a steam dragon (catching breath).

Vanquished Creatures
  Blork the orc (D:5)
  2 necrophages (D:5)
  4 scorpions
  2 hounds
  A jelly (D:5)
  2 orc wizards
  6 adders
  An ufetubus (D:5)
  A worm (D:2)
  A dart slug (D:4)
  12 orcs
  2 ball pythons (D:4)
  4 endoplasms
  3 giant cockroaches
  9 hobgoblins
  9 kobolds
  2 quokkas
  5 bats
  5 frilled lizards
  8 goblins
  5 rats
85 creatures vanquished.

Vanquished Creatures (collateral kills)
  An ogre (D:4)
  An iguana (D:5)
  A dart slug (D:2)
  An endoplasm (D:1)
  A goblin (D:4)
5 creatures vanquished.

Grand Total: 90 creatures vanquished

Notes
Turn   | Place    | Note
-------+----------+-------------------------------------------
     0 | D:1      | IdlyInterested the Demonspawn Wanderer began the quest for
                  | the Orb.
     0 | D:1      | IdlyInterested set off with the following items: a +0
                  | dagger, a potion of lignification, a +0 robe, a +0 pair of
                  | gloves; and the following spells available to memorise:
                  | Necrotise, Sublimation of Blood, Apportation, Lesser
                  | Beckoning, Dispel Undead.
     0 | D:1      | Reached XP level 1. HP: 15/15 MP: 2/2
    46 | D:1      | Learned a level 1 spell: Necrotise
    75 | D:1      | Found Tukul's Jewellery Shoppe.
   153 | D:1      | Found Jasov's One-of-a-Kind Rings.
   316 | D:1      | Gained mutation: A meltable shield of frost defends you.
                  | (SH +0) [demonic ancestry]
   316 | D:1      | Reached XP level 2. HP: 18/21 MP: 1/3
   387 | D:1      | You fall into a shaft and drop 1 floor!
   410 | D:2      | Found a faded altar of an unknown god.
   681 | D:1      | Reached skill level 5 in Necromancy
   981 | D:2      | Found a broken altar of Ashenzari.
  1020 | D:2      | Gained mutation: A meltable icy envelope protects you from
                  | harm. (AC +0) [demonic ancestry]
  1020 | D:2      | Reached XP level 3. HP: 27/27 MP: 4/4
  1139 | D:2      | Noticed a scorpion
  1147 | D:2      | Killed a scorpion
  1148 | D:2      | Reached skill level 1 in Throwing
  1148 | D:2      | Gained mutation: You have large cloven feet. [demonic
                  | ancestry]
  1148 | D:2      | Reached XP level 4. HP: 31/34 MP: 5/5
  1654 | D:3      | Learned a level 4 spell: Dispel Undead
  1795 | D:3      | Identified the ring "Haxik" {*Slow Fly rC+ Str+6}
  2068 | D:3      | Gained mutation: You have hoof-like feet. [demonic
                  | ancestry]
  2068 | D:3      | Reached XP level 5. HP: 40/40 MP: 2/6
  2668 | D:4      | Reached skill level 1 in Armour
  2668 | D:4      | Reached skill level 6 in Necromancy
  2899 | D:4      | Noticed an ogre
  2908 | D:4      | Killed an ogre
  2909 | D:4      | Reached XP level 6. HP: 45/47 MP: 6/8
  3471 | D:4      | Found a hide-covered altar of Uskayaw.
  3513 | D:5      | Entered Level 5 of the Dungeon
  3658 | D:5      | Reached skill level 7 in Necromancy
  3658 | D:5      | Gained mutation: A meltable icy envelope protects you from
                  | harm. (AC +0) [demonic ancestry]
  3658 | D:5      | Reached XP level 7. HP: 53/53 MP: 6/10
  3724 | D:5      | Reached skill level 1 in Evocations
  3831 | D:5      | Noticed Blork the orc
  3839 | D:5      | Killed Blork the orc
  4016 | D:5      | Noticed a steam dragon
  4029 | D:5      | HP: 2/55 [steam dragon] (14)]
  4030 | D:5      | Killed from afar by a steam dragon

Illustrated notes

Levels and vault maps discovered:
D:1:      matt_arrival_refuge, layout_rooms, serial_shops, shop,
          minmay_misc_feat_alley, ebering_dispersal_statue_hall,
          nicolae_shop_unique_rings
D:2:      layout_basic, dreamdust_ecumenical_altar_statues, basic_altar,
          kennysheep_generic_room_3
D:3:      layout_basic
D:4:      minmay_angry_zag, layout_loops_corners, nicolae_overflow_hidden_temple
D:5:      layout_basic, minivault_27, uniq_blork_the_orc

Skill      XL: |  1  2  3  4  5  6  7 |
---------------+----------------------+-----
Translocations | 2 |  2.0
Necromancy     | 5 6 7 |  7.0
Fighting       | 2 3 4 |  4.9
Throwing       | 1 2 |  2.0
Armour         | 1 |  1.0
Spellcasting   | 2 |  2.0
Stealth        | 2 |  2.0
Evocations     | 2 |  2.0
Dodging        | |  1.7

Action                   |  1- 3 |  4- 6 |  7- 9 || total
-------------------------+-------+-------+-------++-------
Melee: Dagger            |    24 |       |       ||    24
       Falchion          |    26 |    12 |       ||    38
       Punch             |     1 |     1 |     2 ||     4
       Kick              |       |    19 |    11 ||    30
       Flail             |       |    33 |       ||    33
       Hand axe          |       |    17 |       ||    17
       Short sword       |       |     1 |    37 ||    38
Throw: Stone             |     5 |       |       ||     5
 Cast: Necrotise         |    25 |    57 |    15 ||    97
       Dispel Undead     |       |     3 |       ||     3
  Use: Scroll            |     2 |     9 |       ||    11
       Potion            |       |     2 |       ||     2
 Stab: Sleeping          |       |     3 |     1 ||     4
Armor: Robe              |     8 |    23 |    10 ||    41
       Leather armour    |    14 |    12 |       ||    26
Dodge: Dodged            |    21 |    59 |    24 ||   104
Block: Other             |     6 |    22 |     2 ||    30

Table legend: (Time is in decaauts)
 A = Elapsed time spent in this place.
 B = Non-inter-level travel time spent in this place.
 C = Inter-level travel time spent in this place.
 D = Time resting spent in this place.
 E = Time spent auto-exploring this place.
 F = Levels seen in this place.
 G = Mean time per level.
                   A        B        C        D        E       F      G
               +--------+--------+--------+--------+--------+-----+--------+
         Total |   4071 |   3527 |    544 |    144 |   2412 |   5 |  814.2 |
       Dungeon |   4071 |   3527 |    544 |    144 |   2412 |   5 |  814.2 |
               +--------+--------+--------+--------+--------+-----+--------+

Top non-repeatable levels by time:
     D:4: 1183 daAuts
     D:3: 901 daAuts
     D:1: 807 daAuts
     D:2: 735 daAuts
     D:5: 444 daAuts
